 Dungeon Crawl Stone Soup version 0.16.2-2-g470672f (webtiles) character file.

84 poirepourri the Skirmisher (level 4, 0/41 HPs)
             Began as a Hill Orc Berserker on Aug 23, 2015.
             Was a Priest of Trog.
             Succumbed to poison (a potion of poison)
             ... on level 3 of the Dungeon.
             The game lasted 00:04:01 (2079 turns).

poirepourri the Skirmisher (Hill Orc Berserker)     Turns: 2079, Time: 00:04:01

Health: 0/41       AC: 11    Str: 20    XL:     4   Next: 46%
Magic:  13/13      EV:  8    Int:  9    God:    Trog [***...]
Gold:   59         SH:  2    Dex: 10    Spells: 0 memorised, 3 levels left

rFire  + . .     SeeInvis .     a - +0 hand axe
rCold  . . .     Clarity  .     f - +0 chain mail (curse)
rNeg   . . .     SustAb   .     (no shield)
rPois  .         Gourm    .     (helmet restricted)
rElec  .         Spirit   .     (no cloak)
rCorr  .         Warding  .     (no gloves)
rMut   .         Stasis   .     (no boots)
MR     .....                    (no amulet)
Stlth  ..........               i - ring of protection from fire
                                d - ring of magical power

@: lethally poisoned (0 -> -18), about to teleport, not resistant to hostile
enchantments, extremely unstealthy
A: horns 1, large bone plates 1, clever 1
a: Burn Spellbooks, Berserk, Trog's Hand, Renounce Religion


You were on level 3 of the Dungeon.
You worshipped Trog.
Trog was most pleased with you.
You were not hungry.

You visited 1 branch of the dungeon, and saw 3 of its levels.

You collected 59 gold pieces.

Inventory:

Hand weapons
 a - a +0 hand axe (weapon)
Armour
 b - a +0 animal skin
 f - a cursed +0 chain mail (worn)
Jewellery
 d - a ring of magical power (left hand)
 i - a ring of protection from fire (right hand)
Scrolls
 h - 3 scrolls of identify
Potions
 e - a potion of poison
Comestibles
 c - a meat ration
 k - a beef jerky
 l - a bread ration


   Skills:
 * Level 4.8 Fighting
 + Level 4.8 Axes
 + Level 2.9 Armour
 + Level 1.9 Dodging
 + Level 0.3 Stealth


You had 3 spell levels left.
You didn't know any spells.

Dungeon Overview and Level Annotations

Branches:
Dungeon (3/15)

Altars:
Gozag
Ru


Innate Abilities, Weirdness & Mutations

You have a pair of small horns on your head.
You are partially covered in large bone plates (AC +2, SH +2).
Your mind is acute. (Int +2)


Message History

It was a potion of mutation.
You feel extremely strange.
Large bone plates grow over parts of your arms.
You feel clever. A pair of horns grows on your head!
* * * LOW HITPOINT WARNING * * *
You feel sick.
* * * LOW HITPOINT WARNING * * *
You feel sick.
i - a ring of protection from fire (right hand)
* * * LOW HITPOINT WARNING * * *
You feel sick.
Read which item? (? for menu, Esc to quit)
As you read the scroll labeled IDOPSA MIZ MYTI, it crumbles to dust.
You feel strangely unstable.
It was a scroll of teleportation.
* * * LOW HITPOINT WARNING * * *
You feel sick.
Read which item? (? for menu, Esc to quit)
As you read the scroll labeled KANOXOTWIECE, it crumbles to dust.
It is a scroll of recharging.
You aren't carrying any rechargeable items.
You die...

#.# #...#. #.##### #...
......# #.#####..## #.###.#
#.......((# #.# #.#
#######.((# ..# #.# #...#
### #.# #.(.# # #<# #...#
#####.# #######)@.######...
....#.###................#
.##.#..()(.)...............
.##.#..##................#
.......######.......####.#
###.#### #.......# . ###.#
#.#...#.# ....# #.#...#.#
###.# #.#...#.#


There were no monsters in sight!

Vanquished Creatures
  3 adders (D:2)
  3 giant geckos
  3 giant cockroaches
  6 goblins
  8 hobgoblins
  8 jackals
  5 bats
  3 giant newts
  4 kobolds
  6 rats
49 creatures vanquished.

Notes
Turn   | Place    | Note
--------------------------------------------------------------
     0 | D:1      | poirepourri, the Hill Orc Berserker, began the quest for the Orb.
     0 | D:1      | Reached XP level 1. HP: 19/19 MP: 1/1
   205 | D:1      | Reached XP level 2. HP: 13/27 MP: 2/2
   455 | D:1      | Acquired Trog's second power
   684 | D:1      | Reached XP level 3. HP: 32/34 MP: 3/3
  1408 | D:2      | Reached XP level 4. HP: 41/41 MP: 4/4
  1491 | D:2      | Found an opulent altar of Gozag.
  1917 | D:3      | Found a sacrificial altar of Ru.
  2075 | D:3      | Gained mutation: You are partially covered in large bone plates (AC +2, SH +2). [potion of mutation]
  2075 | D:3      | Gained mutation: Your mind is acute. (Int +2) [potion of mutation]
  2075 | D:3      | Gained mutation: You have a pair of small horns on your head. [potion of mutation]
  2078 | D:3      | HP: 1/41 [poison (a potion of poison)]
  2079 | D:3      | Succumbed to poison (a potion of poison)

Action                   |  1- 3 |  4- 6 || total
-------------------------+-------+-------++-------
Melee: Hand axe          |   117 |    59 ||   176
Invok: Berserk           |     1 |       ||     1
  Use: Potion            |     3 |     3 ||     6
       Scroll            |     2 |     2 ||     4
  Eat: Meat ration       |     1 |       ||     1
